 Dungeon Crawl Stone Soup version 0.24-a0-91-g4e4936a (console) character file.

Game seed: 10353711613926548217

6622 Voker57 the Carver (level 10, -3/79 HPs)
             Began as a Demonspawn Gladiator on Feb 8, 2019.
             Was a Priest of Yredelemnul.
             Slain by a harpy skeleton (10 damage)
             ... on level 1 of the Abyss.
             The game lasted 00:31:31 (13662 turns).

Voker57 the Carver (Demonspawn Gladiator)          Turns: 13662, Time: 00:31:32

Health: -3/79      AC: 15    Str: 14    XL:     10   Next: 72%
Magic:  16/16      EV: 14    Int: 14    God:    Yredelemnul [***...]
Gold:   582        SH:  2    Dex: 20    Spells: 9/9 levels left

rFire    . . .     SeeInvis +   a - +2 scimitar (flame)
rCold    + . .     Gourm    .   (no shield)
rNeg     . . .     Faith    .   H - +5 scale mail
rPois    .         Spirit   .   (helmet unavailable)
rElec    +         Reflect  +   (no cloak)
rCorr    .         Harm     .   i - +2 pair of gloves
MR       +....                  (no boots)
Stlth    +.........             E - +2 amulet of reflection
HPRegen  0.23/turn              F - ring "Joawn" {rElec MR+ Int+4}
MPRegen  0.15/turn              e - ring of protection from cold

@: about to teleport
A: antennae 3, thin skeletal structure 1, demonic guardian 1, rot immunity
a: Recall Undead Slaves, Injury Mirror, Animate Dead, Renounce Religion


You were on level 1 of the Abyss.
You worshipped Yredelemnul.
Yredelemnul was most pleased with you.
You were not hungry.

You visited 1 branch of the dungeon, and saw 11 of its levels.
You visited the Abyss 1 time.

You collected 582 gold pieces.

Inventory:

Hand Weapons
 a - a +2 scimitar of flaming (weapon)
 b - the +7 Singing Sword {slice, sonic wave}
   (You found it on level 8 of the Dungeon)

   It inflicts extra damage upon your enemies.
 d - a +0 halberd of venom
 v - a +1 long sword
 A - the +6 falchion of Veh Yvoh {vamp, +Inv Dex+6, unknown}
   (You found it on level 1 of the Abyss)

   It inflicts no extra harm, but heals its wielder when it wounds a living foe.
   It affects your dexterity (+6).
   It lets you turn invisible.
 C - a +4 hand axe
Missiles
 K - a throwing net (quivered)
Armour
 c - a +0 helmet
 i - a +2 pair of gloves (worn)
 q - a +0 leather armour
 H - a +5 scale mail (worn)
 I - a +0 leather armour of fire resistance
Jewellery
 e - a ring of protection from cold (right hand)
 x - an uncursed ring of stealth
 B - a cursed -3 ring of evasion
 D - an uncursed ring of protection from fire
 E - a +2 amulet of reflection (around neck)
 F - the ring "Joawn" (left hand) {rElec MR+ Int+4}
   (You found it on level 8 of the Dungeon)

   [ring of protection from magic]

   It affects your intelligence (+4).
   It insulates you from electricity.
   It affects your resistance to hostile enchantments.
 L - an uncursed ring of poison resistance {unknown}
Wands
 t - a wand of digging (11)
 G - a wand of paralysis (9)
 M - a wand of iceblast (12)
Scrolls
 g - a scroll of noise
 h - 3 scrolls of remove curse
 j - 2 scrolls of fear
 k - 3 scrolls of teleportation
 p - 8 scrolls of identify
 r - a scroll of magic mapping
 s - 2 scrolls of enchant weapon
 u - a scroll of amnesia
 w - a scroll of torment
 y - 2 scrolls of fog
 J - a scroll of silence {unknown}
Potions
 l - 2 potions of brilliance
 m - 2 potions of lignification
 n - 3 potions of haste
 o - 2 potions of degeneration
 z - a potion of heal wounds
Comestibles
 f - 6 rations


   Skills:
 + Level 7.0 Fighting
 * Level 9.4 Long Blades
 - Level 1.7 Throwing
 + Level 5.6 Armour
 + Level 6.8 Dodging
 - Level 0.1 Stealth
 + Level 8.5 Invocations


You had 9 spell levels left.
You didn't know any spells.
Your spell library contained the following spells:

 Spells                   Type           Power        Failure   Level  Hunger
 Magic Dart               Conj           #...         73%         1    ##.....
 Searing Ray              Conj           #.....       86%         2    ###....
 Dazzling Spray           Conj/Hex       #.....       97%         3    ####...
 Force Lance              Conj/Tloc      #.......     100%        4    #####..
 Fulminant Prism          Conj/Hex       #.........   100%        4    #####..
 Iskenderun's Mystic Bla  Conj           #.......     100%        4    #####..


Dungeon Overview and Level Annotations

Branches:
Dungeon (11/15)            Temple (0/1) D:6            Lair (0/6) D:9
    Orc (0/2) D:11

Altars:
Cheibriados
Dithmenos
Fedhas
Gozag
Hepliaklqana
Makhleb
Uskayaw
Vehumet
Yredelemnul
The Shining One

Shops:
D:6 :   D:7 *   D:8 *

Annotations:
D:11 Psyche


Innate Abilities, Weirdness & Mutations

You have a pair of large antennae on your head. (SInv)
You have a somewhat thin skeletal structure. (Dex +2, Stealth)
A weak demonic guardian rushes to your aid.
You are immune to rotting.


Message History

As you read the scroll of teleportation, it crumbles to dust.
You feel strangely unstable.
You feel the power of the Abyss delaying your translocation!
The harpy skeleton closely misses you.
The harpy skeleton completely misses you.
The harpy skeleton claws you.
* * * LOW HITPOINT WARNING * * *
The harpy skeleton claws you but does no damage.
The harpy skeleton misses you. The harpy skeleton barely misses you.
The harpy skeleton barely misses you.
You riposte.
Your scale mail prevents you from hitting the harpy skeleton.
The harpy skeleton is moderately damaged.
The harpy skeleton claws you but does no damage.
The harpy skeleton claws you!
* * * LOW HITPOINT WARNING * * *
The harpy skeleton closely misses you.
A bone dragon comes into view.
The harpy skeleton claws you!
You die...
Your body rises from the dead as a mindless zombie.

..# ## ##.. ...#
...# ...
#...##.##.
###..#..#D..
#....#§..#
#.....# #.@#.##
###.#Z..#
##....x.##
#.#.##...#
##..{..#...#
#####.......###.#
#.#§......#.# #
#..#..##......
#......§..#..##
#. ##.#...##.?..#


You could see a bone dragon, a small abomination and a harpy skeleton.

Vanquished Creatures
  Erica (D:10)
  Joseph (D:7)
  An ancient zyme (Abyss:1)
  A troll (D:10)
  A hippogriff (D:9)
  Sigmund (D:5)
  A wyvern (D:8)
  4 wraiths (D:10)
  A sky beast (D:6)
  3 orc warriors
  3 ice beasts
  2 phantoms
  A necrophage (D:10)
  An ogre (D:8)
  A small abomination (Abyss:1)
  3 bullfrogs
  A gnoll sergeant (D:9)
  A scorpion (D:6)
  A troll zombie (D:11)
  3 crimson imps
  3 jellies
  A quasit (D:5)
  2 hounds
  5 orc priests
  An orc wizard (D:9)
  A bullfrog skeleton (D:4)
  3 iguanas
  7 worker ants
  A hound zombie (D:6)
  A hound skeleton (D:6)
  A mummy (D:8)
  A worker ant zombie (D:5)
  6 gnolls
  8 adders
  2 shadow imps (D:8)
  3 oozes
  An adder zombie (D:7)
  An adder skeleton (D:6)
  5 worms
  2 dart slugs
  4 leopard geckos
  30 orcs
  2 ball pythons
  4 giant cockroaches
  2 gnoll zombies (D:3)
  5 goblins
  7 hobgoblins
  8 jackals
  4 kobolds
  3 quokkas
  A ball python skeleton (D:4)
  7 bats
  5 frilled lizards
  2 goblin zombies (D:11)
  A hobgoblin zombie (D:11)
  4 orc zombies (D:11)
  A quokka skeleton (D:7)
  9 rats
186 creatures vanquished.

Vanquished Creatures (collateral kills)
  Josephine (D:10)
  An elephant (D:9)
  An ancient zyme (Abyss:1)
  A fire bat (Abyss:1)
  2 basilisks (D:9)
  An ice beast (D:6)
  2 orc warriors
  A phantom (D:8)
  2 ogres
  A bullfrog (D:6)
  A scorpion (D:6)
  3 howler monkeys
  2 crimson imps (D:6)
  An orc wizard (D:4)
  A centaur skeleton (D:6)
  4 orc priests
  A hound (D:6)
  An iguana (D:4)
  A worker ant (D:6)
  An ogre zombie (D:11)
  A tengu skeleton (Abyss:1)
  5 gnolls
  An adder (D:5)
  A shadow imp (D:6)
  An ufetubus (Abyss:1)
  An adder skeleton (D:5)
  4 orcs
  A kobold (D:3)
  A quokka (D:4)
  A goblin zombie (D:11)
46 creatures vanquished.

Vanquished Creatures (others)
  2 flying skulls (Abyss:1)
  A basilisk zombie (D:9)
  A hound zombie (D:4)
  A worker ant zombie (D:6)
  An adder zombie (D:3)
  2 gnoll zombies (D:6)
  A gnoll skeleton (D:6)
  2 jackal skeletons (D:3)
  A jackal zombie (D:3)
  4 orc zombies
  5 starspawn tentacles (Abyss:1)
21 creatures vanquished.

Grand Total: 253 creatures vanquished

Notes
Turn   | Place    | Note
-------+----------+-------------------------------------------
     0 | D:1      | Voker57 the Demonspawn Gladiator began the quest for the
                  | Orb.
     0 | D:1      | Reached XP level 1. HP: 16/16 MP: 1/1
    63 | D:1      | Reached skill level 3 in Long Blades
    63 | D:1      | Gained mutation: You have a pair of small antennae on your
                  | head. [demonic ancestry]
    63 | D:1      | Reached XP level 2. HP: 7/22 MP: 2/2
  1011 | D:1      | Gained mutation: You have a somewhat thin skeletal
                  | structure. (Dex +2, Stealth) [demonic ancestry]
  1011 | D:1      | Reached XP level 3. HP: 22/27 MP: 3/3
  1624 | D:2      | Reached skill level 1 in Armour
  1872 | D:2      | Found a faded altar of an unknown god.
  1907 | D:2      | Became a worshipper of Yredelemnul the Dark
  1907 | D:2      | Reached * piety under Yredelemnul
  2289 | D:2      | Reached XP level 4. HP: 26/33 MP: 4/4
  3104 | D:3      | Found an opulent altar of Gozag.
  3338 | D:3      | Reached skill level 1 in Invocations
  3368 | D:3      | Reached skill level 4 in Long Blades
  3607 | D:3      | Reached XP level 5. HP: 23/39 MP: 4/6
  3629 | D:3      | Found a basalt altar of Yredelemnul.
  5119 | D:4      | Reached ** piety under Yredelemnul
  5200 | D:4      | Reached XP level 6. HP: 43/47 MP: 7/7
  5240 | D:4      | Found a glowing golden altar of the Shining One.
  5274 | D:4      | HP: 1/47 [iguana (10)]
  5679 | D:4      | Found a blossoming altar of Fedhas.
  6144 | D:5      | Entered Level 5 of the Dungeon
  6496 | D:5      | Noticed Sigmund
  6515 | D:5      | Killed Sigmund
  6515 | D:5      | Reached skill level 5 in Long Blades
  6515 | D:5      | Gained mutation: A weak demonic guardian rushes to your
                  | aid. [demonic ancestry]
  6515 | D:5      | Reached XP level 7. HP: 45/52 MP: 9/9
  7400 | D:6      | Found a staircase to the Ecumenical Temple.
  7897 | D:6      | Reached *** piety under Yredelemnul
  8091 | D:6      | Gained mutation: You have a pair of antennae on your head.
                  | [demonic ancestry]
  8091 | D:6      | Reached XP level 8. HP: 16/60 MP: 11/11
  8176 | D:6      | Reached skill level 6 in Long Blades
  8507 | D:6      | Found Cahuir's Book Shoppe.
  8804 | D:6      | Found a shadowy altar of Dithmenos.
  8804 | D:6      | Found a burning altar of Makhleb.
  8883 | D:6      | Reached skill level 5 in Invocations
  8988 | D:6      | Found a snail-covered altar of Cheibriados.
  9102 | D:7      | Found a radiant altar of Vehumet.
  9151 | D:7      | Noticed Joseph
  9210 | D:6      | HP: 3/61 [poisoned by a worker ant]
  9216 | D:6      | HP: 3/61 [poisoned by a worker ant]
  9224 | D:6      | HP: 2/61 [poisoned by a worker ant]
  9546 | D:7      | Found Sinegaj's General Store.
  9563 | D:7      | Killed Joseph
  9563 | D:7      | Reached skill level 5 in Fighting
  9563 | D:7      | Reached skill level 5 in Dodging
  9574 | D:7      | You fall through a shaft!
  9574 | D:8      | Found the +7 Singing Sword {slice, sonic wave}
  9584 | D:8      | Reached skill level 7 in Long Blades
  9626 | D:8      | Gained mutation: You have a pair of large antennae on your
                  | head. (SInv) [demonic ancestry]
  9626 | D:8      | Reached XP level 9. HP: 59/68 MP: 13/13
  9764 | D:8      | Got a steaming jade ring
  9778 | D:8      | Found a hazy altar of Hepliaklqana.
  9787 | D:8      | Received a gift from Yredelemnul (a mummy)
  9821 | D:8      | Found Foti's General Store.
 10250 | D:9      | Found a hide-covered altar of Uskayaw.
 10252 | D:9      | Reached **** piety under Yredelemnul
 10499 | D:9      | Found a staircase to the Lair.
 10499 | D:9      | Noticed an elephant
 10756 | D:9      | Reached skill level 8 in Long Blades
 11476 | D:9      | Identified the ring "Joawn" {rElec MR+ Int+4} (You found it
                  | on level 8 of the Dungeon)
 11681 | D:9      | Killed an elephant
 11850 | D:10     | Entered Level 10 of the Dungeon
 11934 | D:10     | Gained mutation: You are immune to rotting. [demonic
                  | ancestry]
 11934 | D:10     | Reached XP level 10. HP: 45/76 MP: 15/15
 12115 | D:10     | Noticed Josephine
 12133 | D:10     | Killed Josephine
 12133 | D:10     | Reached skill level 5 in Armour
 12535 | D:10     | Noticed Erica
 12565 | D:10     | Killed Erica
 12565 | D:10     | Reached skill level 9 in Long Blades
 12621 | D:10     | Received a gift from Yredelemnul (a mummy)
 13088 | D:11     | Found a staircase to the Orcish Mines.
 13105 | D:11     | Noticed Psyche
 13302 | D:11     | Cast into level 1 of the Abyss (Psyche)
 13303 | Abyss:1  | oh hai Lucy
 13307 | Abyss:1  | best way to start the abyss is with a scroll of torment
 13309 | Abyss:1  | Noticed a wretched star
 13408 | Abyss:1  | Noticed a tentacled starspawn
 13420 | Abyss:1  | Got a smoking falchion
 13563 | Abyss:1  | Received a gift from Yredelemnul (4 flying skulls)
 13591 | Abyss:1  | Found a shimmering altar of Xom.
 13651 | Abyss:1  | Noticed a large abomination
 13662 | Abyss:1  | Noticed a bone dragon
 13662 | Abyss:1  | Slain by a harpy skeleton

Levels and vault maps discovered:
D:1:      minmay_arrival_wavy_path, layout_loops_ring, minmay_small_reverse_x
D:2:      kennysheep_six_static_rooms, layout_basic,
          chequers_ecumenical_altar_simple, minmay_crystal_water
D:3:      layout_basic, nicolae_gozag_seed_capital,
          lemuel_zombie_altar_yredelemnul
D:4:      layout_basic, tso_metal_star, hangedman_decor_riveting,
          wad_floor_pattern_untrapped, fedhas_altar_4
D:5:      layout_loops_ring, first_ration, uniq_sigmund
D:6:      minmay_chambers_of_fours, layout_rooms,
          gammafunk_temple_overflow_elements, temple_pool_b, serial_shops,
          nicolae_shop_behind_doors, cheibrodos_worm_habitat
D:7:      layout_basic, vehumet_crystals, serial_shops,
          nicolae_shop_behind_doors, basic_altar, uniq_menkaure, uniq_joseph,
          uniq_crazy_yiuf_cottage
D:8:      layout_gridville, old_standard_altar, serial_shops, shop
D:9:      layout_stronghold, david_lair_generic, basic_altar
D:10:     layout_loops_ring, uniq_josephine, uniq_erica
D:11:     layout_roguey, zombieorc1_lemuel, hangedman_fish_farm, uniq_psyche,
          uniq_maurice
Abyss:1

Skill      XL: |  1  2  3  4  5  6  7  8  9 10 |
---------------+-------------------------------+-----
Long Blades    | 3 4 5 7 8 9 |  9.4
Dodging        | 3 4 5 6 |  6.8
Armour         | 1 2 3 4 5 |  5.6
Invocations    | 1 2 3 4 5 7 8 |  8.5
Fighting       | 3 4 5 6 7 |  7.0
Throwing       | |  1.7
Stealth        | |  0.1

Action                   |  1- 3 |  4- 6 |  7- 9 | 10-12 || total
-------------------------+-------+-------+-------+-------++-------
Melee: Long sword        |   116 |   165 |   421 |    82 ||   784
       Halberd           |       |       |     6 |       ||     6
       Double sword      |       |       |    29 |       ||    29
       Scimitar          |       |       |       |    57 ||    57
Throw: Throwing net      |     1 |     2 |     1 |     1 ||     5
Invok: Animate Remains   |       |    13 |     3 |       ||    16
       Animate Dead      |       |       |     6 |     4 ||    10
  Use: Potion            |       |     3 |    15 |     1 ||    19
       Scroll            |       |     1 |    15 |     6 ||    22
 Stab: Sleeping          |     6 |     3 |       |       ||     9
       Distracted        |       |     1 |     6 |     9 ||    16
       Held in net/web   |       |     2 |     1 |       ||     3
  Eat: Chunk             |     4 |     6 |    18 |     1 ||    29
       Ration            |       |     3 |     1 |     2 ||     6
Armor: Leather armour    |    30 |    26 |       |       ||    56
       Ring mail         |       |    30 |   173 |       ||   203
       Skin              |       |       |    23 |       ||    23
       Scale mail        |       |       |    28 |    58 ||    86
Dodge: Dodged            |    88 |   159 |   358 |   107 ||   712
Block: Other             |       |       |     4 |     9 ||    13
       Rpst.: Long sword |    23 |    58 |    97 |    14 ||   192
       Double sword      |       |       |     6 |       ||     6
       Scimitar          |       |       |       |     8 ||     8

Table legend:
 A = Non-vault XP
 B = Vault XP
 C = Vault XP percentage of total XP
 D = Non-vault monster count
 E = Vault monster count
 F = Vault count percentage of total count
                 A         B        C        D         E       F
            +---------+---------+-------+---------+---------+-------
      Total |    5045 |    4415 |  46.7 |     191 |      40 |  17.3
            +---------+---------+-------+---------+---------+-------
        D:1 |      41 |       8 |  16.3 |      23 |       4 |  14.8
        D:2 |      26 |      27 |  50.9 |       9 |       6 |  40.0
        D:3 |     152 |       3 |   1.9 |      26 |       2 |   7.1
        D:4 |     225 |       0 |   0.0 |      16 |       0 |   0.0
        D:5 |     302 |     231 |  43.3 |      20 |       1 |   4.8
        D:6 |     853 |     233 |  21.5 |      31 |       5 |  13.9
        D:7 |     138 |     446 |  76.4 |       6 |       1 |  14.3
        D:8 |    1200 |       0 |   0.0 |      22 |       0 |   0.0
        D:9 |     497 |     820 |  62.3 |      20 |       4 |  16.7
       D:10 |     976 |    2428 |  71.3 |      12 |       6 |  33.3
       D:11 |       0 |     219 | 100.0 |       0 |      11 | 100.0
    Abyss:1 |     635 |       0 |   0.0 |       6 |       0 |   0.0
            +---------+---------+-------+---------+---------+-------
